 Dungeon Crawl Stone Soup version 0.27.1-1-g398f81649c (webtiles) character file.

Game seed: 11200077077195518222

88343 pbellow the Severer (level 15, -4/151 HPs)
             Began as a Hill Orc Fighter on Sept 11, 2021.
             Was the Champion of Beogh.
             Killed from afar by a tengu conjurer (23 damage)
             ... with a bolt of lightning
             ... on level 2 of the Depths on Sept 12, 2021.
             The game lasted 01:36:18 (24644 turns).

pbellow the Severer (Hill Orc Fighter)             Turns: 24644, Time: 01:36:19

Health: -4/151     AC: 37    Str: 30    XL:     15   Next: 93%
Magic:  15/15      EV:  9    Int:  8    God:    Beogh [******]
Gold:   533        SH: 14    Dex: 10    Spells: 14/14 levels left

rFire    . . .     SeeInvis +   Y - +4 war axe "Ecruut" {vorpal, Drain rPois Str+4}
rCold    . . .     Faith    .   c - +0 kite shield
rNeg     . . .     Spirit   .   j - +0 plate armour
rPois    +         Reflect  .   I - +1 hat {Will+}
rElec    .         Harm     .   g - +2 cloak of the Thief {*Fog Slay-2 SInv Stlth+}
rCorr    .         Rampage  .   D - +2 pair of gloves
Will     ++...                  (no boots)
Stlth    ..........             e - amulet of regeneration
HPRegen  1.35/turn              m - ring of the Tortoise {AC+8}
MPRegen  0.14/turn              O - +4 ring of protection

@: about to teleport
A: walk on water, robust 1
a: Renounce Religion, Smiting, Recall Orcish Followers, Give Item to Named
Follower, Resurrection


You were on level 2 of the Depths.
You worshipped Beogh.
Beogh was exalted by your worship.
You visited 4 branches of the dungeon, and saw 24 of its levels.
You also visited: Sewer.

You collected 2559 gold pieces.
You spent 2026 gold pieces at shops.

Inventory:

Hand Weapons
 r - a +0 war axe
 v - a +4 vorpal war axe
 Y - the +4 war axe "Ecruut" (weapon) {vorpal, Drain rPois Str+4}
   (You found it on level 12 of the Dungeon)

   It inflicts extra damage upon your enemies.
   Str:       It affects your strength (+4).
   rPois:     It protects you from poison.
   Drain:     It drains your maximum health when unequipped.
Armour
 c - a +0 kite shield (worn)
 g - the +2 cloak of the Thief (worn) {*Fog Slay-2 SInv Stlth+}
   (You bought it in a shop on level 1 of the Depths)

   It may release a thick cloud of smoke when the wearer is hurt.
   Slay:      It affects your accuracy & damage with ranged weapons and melee
   (-2).
   SInv:      It lets you see invisible.
   Stlth:     It makes you more stealthy.
 j - a +0 plate armour (worn)
 p - a +2 helmet
 D - a +2 pair of gloves (worn)
 I - a +1 hat of willpower (worn)
Jewellery
 e - an amulet of regeneration (around neck)
 l - a ring of poison resistance
 m - the ring of the Tortoise (left hand) {AC+8}
   (You found it on level 4 of the Dungeon)

   [ring of protection]

   AC:        It affects your AC (+8).
 q - a ring of see invisible
 O - a +4 ring of protection (right hand)
 R - a +4 ring of slaying
 V - an amulet of regeneration
Wands
 k - a wand of polymorph (10)
 u - a wand of flame (44)
 w - a wand of charming (10)
 y - a wand of paralysis (33)
 M - a wand of digging (3)
 Q - a wand of iceblast (36)
 Z - a wand of mindburst (16)
Scrolls
 f - a scroll of blinking
 s - 12 scrolls of teleportation
 C - 6 scrolls of fog
 E - 14 scrolls of identify
 F - 3 scrolls of holy word
 G - a scroll of silence
 S - a scroll of magic mapping
 U - a scroll of fear
 X - a scroll of amnesia
Potions
 a - a potion of haste
 b - 2 potions of brilliance
 d - 3 potions of might
 h - 2 potions of cancellation
 n - 3 potions of curing
 t - a potion of resistance
 z - a potion of degeneration
 B - 4 potions of flight
Miscellaneous
 L - a tin of tremorstones (2/2)


   Skills:
 + Level 14.2 Fighting
 + Level 18.7 Axes
 + Level 14.8 Armour
 + Level 2.8 Dodging
 + Level 4.2 Stealth
 + Level 14.4 Shields
 + Level 3.3 Evocations


You had 14 spell levels left.
You didn't know any spells.
Your spell library contained the following spells:

 Spells                   Type           Power      Damage    Failure   Level
 Animate Skeleton         Necr           0%         N/A       95%         1
 Apportation              Tloc           0%         N/A       95%         1
 Beastly Appendage        Tmut           0%         N/A       95%         1
 Corona                   Hex            0%         N/A       95%         1
 Foxfire                  Conj/Fire      0%         2x1d4     95%         1
 Magic Dart               Conj           0%         1d3       95%         1
 Pain                     Necr           0%         1d4       95%         1
 Summon Small Mammal      Summ           0%         N/A       95%         1
 Corpse Rot               Necr/Air       N/A        N/A       98%         2
 Poisonous Vapours        Pois/Air       0%         N/A       98%         2
 Searing Ray              Conj           0%         3d3       98%         2
 Wereblood                Tmut           0%         N/A       98%         2
 Conjure Flame            Conj/Fire      0%         6-21      100%        3
 Ignite Poison            Fire/Tmut/Pois 0%         N/A       100%        3
 Inner Flame              Hex/Fire       0%         N/A       100%        3
 Mephitic Cloud           Conj/Pois/Air  0%         N/A       100%        3
 Spider Form              Tmut/Pois      0%         N/A       100%        3
 Vampiric Draining        Necr           0%         2d6       100%        3
 Animate Armour           Summ/Erth      0%         N/A       100%        4
 Animate Dead             Necr           0%         N/A       100%        4
 Dispel Undead            Necr           0%         3d6       100%        4
 Fulminant Prism          Conj/Hex       0%         3d6       100%        4
 Petrify                  Tmut/Erth      0%         N/A       100%        4
 Bolt of Magma            Conj/Fire/Erth 0%         4d4       100%        5
 Freezing Cloud           Conj/Ice/Air   0%         6-21      100%        5
 Death Channel            Necr           0%         N/A       100%        6
 Haunt                    Necr/Summ      0%         N/A       100%        7
 Infestation              Necr           0%         N/A       100%        8


Dungeon Overview and Level Annotations

Branches:
Dungeon (15/15)            Temple (0/1) D:7            Lair (6/6) D:11
 Shoals (0/4) Lair:3       Spider (0/4) Lair:2        Slime (0/5) Lair:6
    Orc (0/2) D:11         Vaults (0/5) D:13         Depths (2/5) D:15
   Hell (visited)           Sewer (visited)
    Dis: Hell:1         Geh: Hell:1         Coc: Hell:1         Tar: Hell:1

Altars:
Dithmenos
Kikubaaqudgha
Makhleb
Okawaru
Wu Jian
Beogh

Shops:
D:3 !   D:14 *   D:15 =   Depths:1 [(!

Portals:
Hell: Lair:6 Depths:1

Annotations:
Depths:2 Sojobo
Hell Geryon


Innate Abilities, Weirdness & Mutations

You can walk on water.
You are robust. (+10% HP)


Message History

Sojobo is lightly wounded.
You miss the tengu conjurer.
You hear a bellow!
Sojobo hits you but does no damage.
You are electrocuted!
Sojobo pecks you but does no damage. Sojobo claws you but does no damage.
You hear a shout!
A cyan very ugly thing comes into view.
You closely miss Sojobo.
Sojobo is lightly wounded.
The cyan very ugly thing gurgles horribly!
You hit the cyan very ugly thing.
You hear a horrible gurgling sound!
You hear a shout!
Sojobo conjures a fierce blast of wind!
You barely miss Sojobo.
Sojobo is lightly wounded.
You slash the cyan very ugly thing! The cyan very ugly thing claws you.
The cyan very ugly thing shocks you!!
You completely miss Sojobo.
Sojobo is lightly wounded.
You slash the cyan very ugly thing!
You hear a bellow!
Sojobo conjures a fierce blast of wind!
You hear a shout!
As you read the scroll of teleportation, it crumbles to dust.
You feel strangely unstable.
You hear a bellow!
You block the cyan very ugly thing's attack.
The tengu conjurer gestures at you while chanting.
The bolt of lightning misses you. Sojobo barely misses you.
Sojobo pecks you but does no damage. Sojobo claws you but does no damage.
You miss Sojobo.
Sojobo is lightly wounded.
You hit the tengu conjurer. You slash the cyan very ugly thing!
The cyan very ugly thing claws you.
* * * LOW HITPOINT WARNING * * *
The cyan very ugly thing shocks you!!
* * * LOW HITPOINT WARNING * * *
The tengu conjurer casts a spell at you.
The bolt of lightning hits you!!
You die...

#################
.................
.........)......
#............
##########............
......Q@..............
......uQ..............
......................
....u........(........
...............)......
......................
..####################
..
####################
.....<........o.....


You could see Sojobo (repels missiles), 2 very ugly things and a tengu conjurer.

Vanquished Creatures
  A fire giant (Depths:1)
  4 stone giants (Depths:1)
  4 very ugly things (Depths:1)
  A lorocyproca (Depths:1)
  A fire dragon (Depths:1)
  A vault guard (D:13)
  A boulder beetle (D:15)
  A hydra (Lair:2)
  A deep troll shaman (Depths:2)
  A spriggan berserker (Depths:2)
  A tengu warrior (Depths:1)
  A hell knight (Depths:1)
  A soul eater (Depths:1)
  An iron troll (Depths:1)
  A deep troll (Depths:2)
  A glowing orange brain (Depths:2)
  4 wizards
  A lindwurm (Lair:6)
  An orb spider (Lair:2)
  A cyclops (D:9)
  6 ugly things
  An oklob plant (Lair:4)
  3 deep elf pyromancers
  3 manticores
  A centaur zombie (D:11)
  3 black mambas
  A cane toad (shapeshifter) (D:9)
  9 cane toads
  An unseen horror (D:7)
  3 rime drakes (Lair:6)
  2 efreet
  4 komodo dragons
  A yaktaur (D:13)
  3 trolls
  A demonic crawler (Depths:1)
  A polar bear (Lair:6)
  4 blink frogs
  8 slime creatures
  A dream sheep (Lair:6)
  A centaur simulacrum (D:15)
  Sigmund (D:2)
  A shadow (D:10)
  A wraith (D:13)
  A yak (shapeshifter) (D:9)
  2 water elementals (Depths:1)
  A wyvern (Lair:4)
  32 yaks
  2 basilisks
  A steam dragon (D:7)
  5 vampire mosquitoes (D:13)
  13 water moccasins
  A hornet zombie (D:15)
  2 orc warriors
  A sky beast (D:3)
  2 black bears
  An ice beast (D:8)
  4 ogres
  5 wolves
  2 centaurs
  A phantom (D:7)
  3 kobold brigands
  12 bullfrogs
  5 scorpions
  8 killer bees
  5 wights (D:7)
  3 electric eels
  4 howler monkeys
  3 hounds
  2 jellies (Lair:6)
  2 bullfrog skeletons
  2 orc priests
  A gnoll shaman (D:9)
  2 centaur skeletons
  6 orc wizards
  7 hell rats
  A hound skeleton (D:4)
  A howler monkey zombie (D:7)
  Robin (D:3)
  A howler monkey skeleton (D:5)
  5 gnolls
  6 adders
  9 river rats
  A white imp (D:5)
  An ufetubus (D:4)
  7 worms
  2 dart slugs
  32 orcs
  2 bats (D:2)
  8 endoplasms
  3 giant cockroaches
  17 goblins
  11 hobgoblins
  2 jackals (D:5)
  22 kobolds
  3 quokkas
  7 ball pythons
  2 frilled lizards
  18 rats
392 creatures vanquished.

Vanquished Creatures (collateral kills)
  Frances (D:14)
  Gastronok (Lair:3)
  A sphinx (Depths:2)
  2 tengu reavers
  3 very ugly things (Depths:1)
  A stone giant (Depths:1)
  A spark wasp (Depths:1)
  A dire elephant (Lair:6)
  Snorg (Lair:5)
  2 fire dragons (Depths:2)
  2 ettins (Depths:1)
  A great orb of eyes (Depths:1)
  2 ice dragons (Depths:1)
  A boulder beetle (D:15)
  9 hydras
  A rakshasa (Depths:1)
  2 centaur warriors
  A two-headed ogre (D:11)
  An orc high priest (Depths:1)
  A spriggan berserker (Depths:2)
  2 hell knights
  An iron troll (Depths:2)
  A sixfirhy (Lair:6)
  2 deep trolls (Depths:2)
  3 deep elf pyromancers
  2 wizards
  2 orc knights (Depths:1)
  A necromancer (D:15)
  4 oklob plants (Lair:1)
  3 cyclopes
  14 ugly things
  Maurice (D:10)
  A naga mage (D:15)
  11 elephants
  2 black mambas
  8 cane toads
  A smoke demon (Lair:6)
  A gargoyle (D:13)
  4 orange demons (Lair:6)
  2 rime drakes (Lair:6)
  An unseen horror (D:12)
  8 komodo dragons
  A tengu conjurer (Depths:1)
  A polar bear (Lair:1)
  A queen bee (shapeshifter) (D:13)
  2 ice devils (Lair:6)
  9 blink frogs
  A harpy skeleton (D:15)
  3 slime creatures
  A troll (D:11)
  A shadow (D:10)
  A basilisk (shapeshifter) (D:11)
  A water elemental (Depths:1)
  2 wraiths
  17 yaks
  2 wyverns
  A basilisk (Lair:1)
  A steam dragon (D:8)
  4 vampire mosquitoes
  3 hell hounds (Lair:6)
  9 water moccasins
  An acid dragon (D:10)
  A black bear (D:8)
  An orc warrior (D:11)
  A wolf (Lair:2)
  A kobold brigand (D:10)
  6 bullfrogs
  A killer bee (D:8)
  An electric eel (Lair:5)
  2 hounds (D:11)
  3 orc wizards
  2 hell rats
  9 orcs
  A giant cockroach (D:4)
  A kobold (D:10)
  3 rats (Lair:2)
  A fungus (Lair:5)
206 creatures vanquished.

Vanquished Creatures (others)
  2 orc warlords
  2 orc sorcerers
  3 orc knights
  5 orc priests
  6 orc warriors
  A human (D:3)
  4 orc wizards
  25 orcs
  3 kobolds (D:7)
  49 fungi
  53 plants
153 creatures vanquished.

Grand Total: 751 creatures vanquished

Notes
Turn   | Place    | Note
-------+----------+-------------------------------------------
     0 | D:1      | pbellow the Hill Orc Fighter began the quest for the Orb.
     0 | D:1      | Reached XP level 1. HP: 19/19 MP: 1/1
   514 | D:1      | Reached XP level 2. HP: 27/27 MP: 2/2
   525 | D:1      | Reached skill level 3 in Axes
   897 | D:2      | Noticed an ogre
   911 | D:2      | Killed an ogre
   912 | D:2      | Reached skill level 4 in Axes
   912 | D:2      | Reached XP level 3. HP: 23/34 MP: 3/3
   912 | D:2      | Reached XP level 4. HP: 28/41 MP: 4/4
  1038 | D:2      | Found a burning altar of Makhleb.
  1219 | D:2      | Reached XP level 5. HP: 42/47 MP: 5/5
  1490 | D:2      | Noticed Sigmund
  1504 | D:2      | Killed Sigmund
  1505 | D:2      | Reached skill level 5 in Fighting
  1505 | D:2      | Reached skill level 6 in Axes
  1505 | D:2      | Reached XP level 6. HP: 28/56 MP: 6/6
  2205 | D:3      | Found Yqyfavae's Distillery.
  2376 | D:3      | Found an ornate altar of the Wu Jian Council.
  2450 | D:3      | Noticed a sky beast
  2462 | D:3      | Killed a sky beast
  2463 | D:3      | Reached XP level 7. HP: 45/61 MP: 7/7
  2718 | D:3      | Noticed Robin
  2731 | D:3      | Killed Robin
  2758 | D:3      | Found an ancient bone altar of Kikubaaqudgha.
  2762 | D:3      | Noticed a human
  2763 | D:3      | Killed a human
  2817 | D:3      | Became a worshipper of Beogh the Brigand
  3165 | D:4      | Reached skill level 7 in Axes
  3251 | D:4      | Found a shadowy altar of Dithmenos.
  3265 | D:4      | Reached skill level 5 in Armour
  3520 | D:4      | Reached skill level 5 in Shields
  3522 | D:4      | Reached XP level 8. HP: 65/70 MP: 8/8
  3561 | D:4      | Reached skill level 8 in Axes
  3571 | D:4      | Reached * piety under Beogh
  3713 | D:4      | Found the ring of the Tortoise {AC+8}
  3745 | D:4      | Found an iron altar of Okawaru.
  3912 | D:5      | Entered Level 5 of the Dungeon
  4534 | D:5      | Reached skill level 1 in Dodging
  4668 | D:5      | Identified the +3 quarterstaff of Kofiv {holy, rPois rCorr
                  | Dex+4}
  4831 | D:6      | Reached skill level 9 in Axes
  4871 | D:6      | Found a glowing drain.
  4873 | D:6      | Reached ** piety under Beogh
  4899 | Sewer    | Entered a sewer
  5181 | Sewer    | Found a white marble altar of Elyvilon.
  5263 | D:6      | Reached skill level 1 in Evocations
  5263 | D:6      | Reached XP level 9. HP: 78/78 MP: 9/9
  5288 | D:6      | Reached skill level 10 in Axes
  5453 | D:6      | You fall into a shaft and drop 3 floors!
  5512 | D:9      | Noticed a cane toad
  5519 | D:9      | Killed a cane toad
  5658 | D:9      | Noticed a troll
  5663 | D:9      | Killed a troll
  5664 | D:9      | Reached skill level 11 in Axes
  5782 | D:9      | Noticed a cyclops
  5782 | D:9      | Noticed a deep elf pyromancer
  5794 | D:9      | Killed a deep elf pyromancer
  5795 | D:9      | Killed a cyclops
  5796 | D:9      | Reached XP level 10. HP: 73/88 MP: 10/10
  6196 | D:7      | Reached skill level 12 in Axes
  6246 | D:7      | Reached *** piety under Beogh
  7042 | D:7      | Killed an unseen horror
  7081 | D:7      | Found a staircase to the Ecumenical Temple.
  7965 | D:8      | Gained Argrim as an ally
  8144 | D:8      | Reached skill level 13 in Axes
  8256 | D:8      | Reached XP level 11. HP: 92/95 MP: 11/11
  8414 | D:8      | Reached **** piety under Beogh
  8539 | D:8      | Found a burning altar of Makhleb.
  8718 | D:9      | Identified the +5 mace "Coth" {antimagic, Dex+4}
  8718 | D:9      | Noticed a wizard
  8726 | D:9      | Killed a wizard
  9296 | D:10     | Entered Level 10 of the Dungeon
  9601 | D:10     | Noticed Maurice
  9609 | D:10     | Paralysed by something for 7 turns
  9625 | D:10     | Killed Maurice
 10118 | D:11     | Found a staircase to the Lair.
 10121 | D:11     | Noticed a two-headed ogre
 10142 | D:11     | Killed a two-headed ogre
 10148 | D:11     | Your ally Argrim died
 10232 | Lair:1   | Entered Level 1 of the Lair of Beasts
 10348 | Lair:1   | Reached skill level 14 in Axes
 10387 | Lair:1   | Noticed a four-headed hydra
 10397 | Lair:1   | Killed a six-headed hydra
 10841 | Lair:1   | Noticed an oklob plant
 10963 | Lair:1   | Noticed a four-headed hydra
 10968 | Lair:1   | Killed a seven-headed hydra
 10969 | Lair:1   | Reached skill level 10 in Armour
 10969 | Lair:1   | Reached skill level 10 in Shields
 10975 | Lair:1   | Gained Morbeogh as an ally
 10983 | Lair:1   | Reached XP level 12. HP: 75/106 MP: 12/12
 11257 | Lair:1   | Reached skill level 10 in Fighting
 11262 | Lair:1   | Reached skill level 1 in Stealth
 11821 | Lair:1   | Identified the +7 ring mail of the Shining Light {rPois}
 11825 | Lair:1   | Gained Bogwik as an ally
 11839 | Lair:1   | Got the Compendium of Twisted Stones
 11990 | Lair:2   | Reached skill level 15 in Axes
 12060 | Lair:2   | Reached ***** piety under Beogh
 12097 | Lair:2   | Noticed a five-headed hydra
 12106 | Lair:2   | Killed a nine-headed hydra
 12462 | Lair:2   | Found a hole to the Spider Nest.
 12629 | Lair:2   | You fall into a shaft and drop 1 floor!
 12631 | Lair:3   | Found a staircase to the Shoals.
 12809 | Lair:2   | Noticed a four-headed hydra
 12829 | Lair:2   | Killed a 14-headed hydra
 13093 | Lair:3   | Reached skill level 16 in Axes
 13098 | Lair:3   | Reached XP level 13. HP: 82/116 MP: 13/13
 13479 | Lair:3   | Noticed Gastronok
 13494 | Lair:3   | Killed Gastronok
 14163 | Lair:4   | Found a gate leading to a gauntlet.
 15746 | Lair:5   | Identified the +2 leather armour of the Moon {Dex+2}
 15793 | Lair:5   | Noticed Snorg
 15807 | Lair:5   | Killed Snorg
 15825 | Lair:6   | Entered Level 6 of the Lair of Beasts
 15844 | Lair:6   | Found a staircase to the Slime Pits.
 16135 | Lair:6   | Reached ****** piety under Beogh
 16292 | Lair:6   | Reached skill level 17 in Axes
 16773 | Lair:6   | Noticed a dire elephant
 16795 | Lair:6   | Killed a dire elephant
 16796 | Lair:6   | Reached XP level 14. HP: 39/127 MP: 14/14
 17040 | Lair:6   | Found a burning altar of Makhleb.
 17064 | Lair:6   | Found a gateway to Hell.
 18445 | D:11     | Found a staircase to the Orcish Mines.
 18799 | D:12     | Identified the +4 war axe "Ecruut" {vorpal, Drain rPois
                  | Str+4}
 20436 | D:13     | Found a gate to the Vaults.
 20945 | D:14     | Gained Morguth as an ally
 20956 | D:14     | Found Iffav's Neck Hole.
 20963 | D:14     | Noticed Frances
 20974 | D:14     | Your ally Morguth died
 20988 | D:14     | Killed Frances
 21376 | D:14     | Bought an amulet of regeneration for 450 gold pieces
 21880 | D:15     | Entered Level 15 of the Dungeon
 21984 | D:15     | Gained mutation: You are dopey. (Int -2) [potion of
                  | mutation]
 21984 | D:15     | Lost mutation: You are dopey. (Int -2) [potion of mutation]
 21984 | D:15     | Gained mutation: You are robust. (+10% HP) [potion of
                  | mutation]
 22389 | D:15     | Found Letiuh's Jewellery Shop.
 22392 | D:15     | Bought a ring of see invisible for 240 gold pieces
 22695 | D:15     | Reached skill level 18 in Axes
 22838 | D:15     | Found a staircase to the Depths.
 22857 | Depths:1 | Entered Level 1 of the Depths
 22881 | Depths:1 | Reached XP level 15. HP: 66/149 MP: 15/15
 23032 | Depths:1 | Found a runed translucent door.
 23075 | Depths:1 | Found Kaf Yheo's Antique Armour Emporium.
 23075 | Depths:1 | Found Vuux's Weapon Shoppe.
 23082 | Depths:1 | Gained Boldo as an ally
 23084 | Depths:1 | Found Ammaxzif's Distillery.
 23098 | Depths:1 | Bought the +2 cloak of the Thief {*Fog Slay-2 SInv Stlth+}
                  | for 623 gold pieces
 23098 | Depths:1 | Found the +2 cloak of the Thief {*Fog Slay-2 SInv Stlth+}
 23098 | Depths:1 | Bought a plate armour for 713 gold pieces
 23247 | Depths:1 | Noticed a tengu reaver
 23261 | Depths:1 | Killed a tengu reaver
 23717 | Hell     | Entered the Vestibule of Hell
 23717 | Hell     | Noticed Geryon
 23722 | Hell     | Your ally Bogwik died
 23725 | Hell     | Your ally Boldo died
 24037 | Depths:1 | Noticed a fire giant
 24045 | Depths:1 | Killed a fire giant
 24507 | Depths:1 | Found a roughly hewn altar of Beogh.
 24609 | Depths:2 | Gained Orkwin as an ally
 24614 | Depths:2 | Noticed a tengu reaver
 24615 | Depths:2 | Noticed a sphinx
 24621 | Depths:2 | Noticed a fire giant
 24622 | Depths:2 | Noticed a tengu reaver
 24624 | Depths:2 | Noticed a tengu reaver
 24626 | Depths:2 | Killed a tengu reaver
 24628 | Depths:2 | Killed a sphinx
 24632 | Depths:2 | Your ally Morbeogh died
 24632 | Depths:2 | Your ally Orkwin died
 24633 | Depths:2 | Noticed Sojobo
 24644 | Depths:2 | Killed from afar by a tengu conjurer

Illustrated notes

Levels and vault maps discovered:
D:1:      erik_arrival_blinker_ship, layout_loops_ring, minivault_25
D:2:      layout_loops_ring, basic_altar, uniq_sigmund
D:3:      layout_basic, tgw_kikubaaqudgha, lemuel_round_altar, serial_shops,
          shop, uniq_robin
D:4:      minmay_polygon_palace, layout_basic,
          nicolae_dithmenos_through_a_glass_darkly, okawaru_trees_2
D:5:      layout_basic, feat_on_display
D:6:      layout_loops_ring, portal_sewer_entry_b
D:7:      layout_basic, minmay_temple_entry_statues_pillars
D:8:      layout_gridville, mainiacjoe_overflow_brackets
D:9:      minmay_tri_box, layout_loops_ring, minivault_11
D:10:     layout_stronghold, nicolae_ru_great_annihilating_truth, uniq_maurice
D:11:     layout_roguey, erik_lair_island, hiddenorc2_lemuel
D:12:     layout_basic, serial_glass, glass_columns_a, glass_columns_b,
          nrook_uturn
D:13:     layout_roguey, david_vaults_5
D:14:     layout_rooms, nrook_pool_corridor, nicolae_shop_sticking_my_neck_out,
          uniq_frances
D:15:     grunt_enter_depths_magical_seal, layout_basic, serial_shops,
          nicolae_shop_behind_doors, hangedman_decor_slide_cut
Lair:1:   layout_hall_layers, hangedman_lair_generics_rect,
          minmay_lair_oklob_chamber, grunt_megastairs_1
Lair:2:   layout_roguey, nicolae_spider_entry_orb_guardian,
          kennysheep_abandoned_house, infiniplex_staircase_pool
Lair:3:   layout_cave_pods, shoals_dummy_entry, uniq_gastronok
Lair:4:   layout_misc_corridors, gauntlet_entry_generic, minivault_23,
          chequers_serial_rivers_micro_d, minmay_lair_oklob_items
Lair:5:   layout_small_grid, nicolae_quartered_pool_medium,
          chequers_serial_rivers_micro_d, serial_bayou_pond_d, uniq_snorg
Lair:6:   evil_forest, layout_long_grid, minmay_slime_entry_pillars
Depths:1: layout_gridlike, grunt_hell_entry_dis_mu, lightli_church_of_beogh,
          minmay_shop_star, kennysheep_random_hallway
Depths:2: minmay_skeletal_surprise, layout_long_grid,
          nicolae_wu_jian_immortal_techniques, hell_entry,
          infiniplex_staircase_trident, uniq_sojobo, uniq_nikola
Hell

Skill      XL: |  1  2  3  4  5  6  7  8  9 10 11 12 13 14 15 |
---------------+----------------------------------------------+-----
Axes           | 4 6 7 9 11 13 14 16 17 18 | 18.7
Fighting       | 4 5 6 7 8 9 11 12 13 14 | 14.2
Shields        | 4 5 6 7 9 10 11 12 13 14 | 14.4
Armour         | 4 5 6 7 8 10 11 12 13 14 | 14.8
Dodging        | 1 2 |  2.8
Evocations     | 1 2 3 |  3.3
Stealth        | 2 3 4 |  4.2

Action                   |  1- 3 |  4- 6 |  7- 9 | 10-12 | 13-15 || total
-------------------------+-------+-------+-------+-------+-------++-------
Melee: War axe           |    61 |   187 |   308 |   444 |   721 ||  1721
Invok: Convert to Beogh  |       |       |     1 |       |       ||     1
Evoke: Wand              |       |       |    15 |    11 |    16 ||    42
  Use: Scroll            |     1 |     2 |     8 |     1 |    13 ||    25
       Potion            |       |       |     3 |     7 |    10 ||    20
 Stab: Distracted        |       |       |       |     1 |     9 ||    10
       Paralysed         |       |       |       |     3 |     1 ||     4
       Invisible         |       |       |       |       |     1 ||     1
Armor: Scale mail        |    19 |    14 |       |       |       ||    33
       Plate armour      |       |    78 |   212 |   483 |   488 ||  1261
       Skin              |       |       |       |    49 |       ||    49
Dodge: Dodged            |    24 |    30 |    55 |   129 |   170 ||   408
Block: Kite shield       |    42 |    85 |   163 |   316 |   387 ||   993
